 Dungeon Crawl Stone Soup version 0.30-b1-2-g02819fbbbe (webtiles) character file.

Game seed: 9222554210104352494

662 Alarkh the Skirmisher (level 7, -1/50 HPs)
             Began as a Demonspawn Hunter on July 7, 2023.
             Slain by an orc
             ... wielding a +0 flail
              (6 damage)
             ... on level 4 of the Dungeon.
             The game lasted 00:05:34 (2819 turns).

Alarkh the Skirmisher (Demonspawn Hunter)           Turns: 2819, Time: 00:05:34

Health: -1/50      AC:  4    Str: 11    XL:     7   Next: 30%
Magic:  7/7        EV: 12    Int: 12    God:
Gold:   86         SH:  0    Dex: 17    Spells: 6/6 levels left

rFire   . . .        a - +0 shortbow
rCold   . . .        (shield currently unavailable)
rNeg    . . .        c - +0 leather armour
rPois   .            (no helmet)
rElec   .            (no cloak)
rCorr   .            (no gloves)
SInv    .            (no boots)
Will    .....        (no amulet)
Stlth   ++           (no ring)
HPRegen 0.28/turn    (no ring)
MPRegen 0.10/turn

%: no passive effects
@: no status effects
A: demonic guardian 2, sharp scales 1
a: no special abilities


You were on level 4 of the Dungeon.
You visited 1 branch of the dungeon, and saw 5 of its levels.

You collected 119 gold pieces.
You spent 33 gold pieces at shops.

Inventory:

Hand Weapons
 a - a +0 shortbow (weapon)
Missiles
 q - a throwing net
Armour
 c - a +0 leather armour (worn)
 s - a scarf of shadows
Jewellery
 u - an amulet of regeneration
Scrolls
 b - 2 scrolls of immolation
 e - 2 scrolls of butterflies {unknown}
 f - a scroll of brand weapon {unknown}
 l - 2 scrolls of noise
 m - a scroll of amnesia {unknown}
 r - a scroll of silence {unknown}
 t - a scroll of teleportation {unknown}
Potions
 d - 5 potions of curing
 g - 2 potions of brilliance {unknown}
 h - a potion of lignification
 i - 3 potions of attraction
 j - a potion of mutation
 k - a potion of degeneration
 n - a potion of might {unknown}
 o - a potion of haste {unknown}
 p - a potion of resistance {unknown}


   Skills:
 - Level 2.0 Fighting
 + Level 8.2 Ranged Weapons
 - Level 1.7 Dodging
 - Level 0.8 Stealth


You had 6 spell levels left.
You didn't know any spells.
Your spell library contained the following spells:

 Spells                   Type           Power      Damage    Failure   Level
 Sublimation of Blood     Necr           0%         N/A       54%         2
 Wereblood                Tmut           0%         N/A       54%         2
 Portal Projectile        Hex/Tloc       0%         N/A       78%         3
 Tukima's Dance           Hex            0%         N/A       78%         3
 Blade Hands              Tmut           0%         N/A       100%        5
 Summon Forest            Summ/Tloc      0%         N/A       100%        5
 Eringya's Noxious Bog    Tmut/Pois      0%         N/A       100%        6
 Summon Hydra             Summ           0%         N/A       100%        7


Dungeon Overview and Level Annotations

Branches:
Dungeon (5/15)
 Temple: D:4-7

Altars:

Shops:
D:4 *

Annotations:
D:5 Grinder


Innate Abilities, Weirdness & Mutations

A demonic guardian rushes to your aid.
You are partially covered in razor-sharp scales. (AC +1, Slay +1)


Message History

The arrow hits the orc but does no damage.
The orc is severely wounded.
The orc hits you with a +0 flail. The orc misses you.
You shoot an arrow.
The arrow hits the orc but does no damage.
The orc is severely wounded.
The orc hits you but does no damage. Grinder gestures at you.
You suddenly lose the ability to move!
A gnoll comes into view. It is wielding a +0 halberd.
Grinder grins, showing sharp teeth.
Grinder gestures at you. Pain shoots through your body!
A demonic guardian appears!
The orc hits you with a +0 flail!
Grinder closely misses your orange demon.
The orc hits you but does no damage.
The orc priest invokes the aid of Beogh against you.
Beogh smites you!
* * * LOW HITPOINT WARNING * * *
Your orange demon misses Grinder.
Your orange demon hits Grinder.
Grinder looks weaker.
The gnoll shouts!
Grinder hits your orange demon. The orc hits you with a +0 flail!
* * * LOW HITPOINT WARNING * * *
The orc priest miscasts a cantrip.
The orc hits you with a +0 short sword.
* * * LOW HITPOINT WARNING * * *
Your orange demon stings Grinder!
Your orange demon hits Grinder but does no damage.
You can move again.
A gnoll bouda comes into view. It is wielding a +0 whip.
Grinder blinks!
The orc closely misses you. The orc barely misses you.
You climb upwards.
There is a stone staircase leading down here.
You shoot an arrow. The arrow hits the orc!
You kill the orc!
The orc hits you but does no damage.
You shoot an arrow. The arrow closely misses the orc.
The orc hits you with a +0 flail.
You die...

........##.))..#.........#
........#...#..#.........#
........#.†.#..#.........#
........#...#..#.#'#######
............#..#.#.#
...........####....#
.......#...........#
.......#....(...)..#
................@.##
########.######.o.#
########.# #...#
.........#### #...###
............###.....####
.....§..#.#.......#....#
.....§≈.....≈...≈......#
....#....≈....#....≈...#
..≈...≈.....≈...≈......##


You could see an orc.

Vanquished Creatures
  Duvessa (D:4)
  An ogre (D:4)
  An orc priest (D:4)
  A hound (D:4)
  A sleepcap (D:4)
  8 adders
  3 gnolls (D:3)
  6 dart slugs
  8 orcs
  6 ball pythons
  11 endoplasms
  4 giant cockroaches
  5 goblins
  9 hobgoblins
  9 jackals (D:4)
  6 kobolds
  2 quokkas
  2 bats (D:3)
  5 frilled lizards
  3 rats (D:2)
92 creatures vanquished.

Vanquished Creatures (collateral kills)
  Eustachio (D:4)
  Dowan (D:4)
  A gnoll (D:3)
  An orc (D:4)
4 creatures vanquished.

Grand Total: 96 creatures vanquished

Notes
Turn   | Place    | Note
-------+----------+-------------------------------------------
     0 | D:1      | Alarkh the Demonspawn Hunter began the quest for the Orb.
     0 | D:1      | Reached XP level 1. HP: 16/16 MP: 1/1
    82 | D:1      | Reached skill level 4 in Ranged Weapons
   176 | D:1      | You fall into a shaft and drop 1 floor!
   186 | D:2      | Gained mutation: A weak demonic guardian rushes to your
                  | aid. [demonic ancestry]
   186 | D:2      | Reached XP level 2. HP: 22/22 MP: 2/2
   480 | D:1      | Reached XP level 3. HP: 27/27 MP: 3/3
  1318 | D:2      | Reached skill level 5 in Ranged Weapons
  1486 | D:3      | Reached XP level 4. HP: 33/33 MP: 4/4
  1716 | D:3      | Gained mutation: You are partially covered in razor-sharp
                  | scales. (AC +1, Slay +1) [demonic ancestry]
  1716 | D:3      | Reached XP level 5. HP: 38/38 MP: 5/5
  1941 | D:4      | Noticed an ogre
  1946 | D:4      | Killed an ogre
  1947 | D:4      | Reached skill level 6 in Ranged Weapons
  1980 | D:4      | Gained mutation: A demonic guardian rushes to your aid.
                  | [demonic ancestry]
  1980 | D:4      | Reached XP level 6. HP: 44/44 MP: 6/6
  2089 | D:4      | Noticed Duvessa
  2094 | D:4      | Noticed Dowan
  2099 | D:4      | Killed Duvessa
  2100 | D:4      | Reached skill level 7 in Ranged Weapons
  2113 | D:4      | Killed Dowan
  2287 | D:4      | Noticed Eustachio
  2296 | D:4      | Killed Eustachio
  2297 | D:4      | Reached skill level 8 in Ranged Weapons
  2297 | D:4      | Reached XP level 7. HP: 38/50 MP: 7/7
  2545 | D:4      | Found Oriton's General Store.
  2583 | D:4      | Bought a potion of curing for 33 gold pieces
  2797 | D:5      | Entered Level 5 of the Dungeon
  2797 | D:5      | Noticed Grinder
  2799 | D:5      | Paralysed by Grinder for 2 turns
  2812 | D:5      | Paralysed by Grinder for 4 turns
  2819 | D:4      | Slain by an orc

Illustrated notes

Levels and vault maps discovered:
D:1:      minmay_arrival_pointy, layout_rooms
D:2:      layout_loops_corners
D:3:      layout_rooms
D:4:      layout_basic, nicolae_kite_square_tiling_tiny, kennysheep_minor_cross,
          kennysheep_windowed_goal, uniq_eustachio, uniq_duvessa
D:5:      layout_cave_pools, nicolae_concentric_dashed_squares_mild,
          corexii_item_surrounded_by_moat, uniq_grinder

Skill      XL: |  1  2  3  4  5  6 |
---------------+-------------------+-----
Ranged Weapons | 4 5 6 8 |  8.2
Fighting       | |  2.0
Dodging        | |  1.7
Stealth        | |  0.8

Action                     |  1- 3 |  4- 6 |  7- 9 || total
---------------------------+-------+-------+-------++-------
   Fire: Shortbow          |    99 |   147 |    46 ||   292
    Use: Scroll            |     4 |     3 |       ||     7
 Armour: Leather armour    |    11 |    11 |    11 ||    33
  Dodge: Dodged            |    23 |    43 |    27 ||    93
